 Dungeon Sprint DCSS version 0.31-a0-369-g8eba5f6939 (webtiles) character file.

Game seed: 1292282759591801788

1425 dialectric the Protected (level 8, -3/60 HPs)
             Began as a Gargoyle Fighter on July 29, 2023.
             Was a Follower of Trog.
             Slain by a centaur warrior (7 damage)
             ... in the Dungeon (Sprint II: "The Violet Keep of Menkaure").
             The game lasted 00:02:14 (230 turns).

dialectric the Protected (Gargoyle Fighter)          Turns: 230, Time: 00:02:16

Health: -3/60      AC: 15    Str: 20    XL:     8   Next: 72%
Magic:  8/8        EV: 10    Int:  9    God:    Trog [*.....]
Gold:   118        SH:  0    Dex: 11    Spells: 7/7 levels left

rFire   . . .        d - +9 great mace of Crusades {flame, rN+}
rCold   . . .        (shield currently unavailable)
rNeg    + + .        b - +0 scale mail
rPois   ∞            (no helmet)
rElec   +            (no cloak)
rCorr   .            (no gloves)
SInv    .            (no boots)
Will    .....        (no amulet) Stlth
                     (no ring)
HPRegen 0.30/turn    (no ring)
MPRegen 0.11/turn

%: no teleportation
@: on berserk cooldown, slowed, very slow
A: sickness immunity, AC +5, negative energy resistance 1, electricity
resistance, torment resistance 1, petrification resistance
a: Renounce Religion, Berserk


You were in the Dungeon.
You worshipped Trog.
Trog was aware of your devotion.
You visited 1 branch You collected 486 gold pieces.
You spent 368 gold pieces at shops.

Inventory:

Hand Weapons
 a - a +0 flail
 d - the +9 great mace of Crusades (weapon) {flame, rN+}
   (You bought it in a shop in the Dungeon)

   rN:        It protects you from negative energy.
Armour
 b - a +0 scale mail (worn)
 c - a +0 buckler
Scrolls
 e - a scroll of enchant armour {unknown}
Potions
 g - a potion of haste
 h - 2 potions of magic


   Skills:
 + Level 12.0 Fighting
 + Level 8.0 Maces & Flails
 * Level 14.1 Armour
 - Level 2.2 Dodging
 - Level 5.5 Shields


You had 7 spell levels left.
You didn't know any spells.
Your spell library was empty.

Dungeon Overview and Level Annotations

Branches:
Dungeon (1/1)

Altars:
Cheibriados
Dithmenos
Elyvilon
Fedhas
Gozag
Hepliaklqana
Kikubaaqudgha
Makhleb
Nemelex Xobeh
Okawaru
Qazlal
Ru
Sif Muna
Trog
Uskayaw
Vehumet
Wu Jian
Xom
Yredelemnul
Zin
The Shining One
Jiyva
Lugonu

Shops:
D (!:=[((*?!*=[[:

Annotations:
D exclusion: oklob plant, Kirke


Innate Abilities, Weirdness & Mutations

You are immune to sickness and miasma.
Your stone body is resilient. (AC +5)
You are immune to poison.
You resist negative energy. (rN+)
You are resistant to electric shocks. (rElec)
You are resistant to unholy torment.
You are immune to petrification.


Message History

* * * LOW HITPOINT WARNING * * *
You bludgeon the yaktaur captain!! You burn the yaktaur captain.
The yaktaur captain is moderately wounded.
The yaktaur captain hits you.
* * * LOW HITPOINT WARNING * * *
You bludgeon the yaktaur captain!! You burn the yaktaur captain!
The yaktaur captain is severely wounded.
The yaktaur captain barely misses you.
You flatten the yaktaur captain like a pancake!!!
You burn the yaktaur captain!
You kill the yaktaur captain!
Trog accepts your kill.
Your Fighting skill gained 2 levels and is now at level 12!
Your Armour skill gained 2 levels and is now at level 14!
You have reached level 8!
You feel clever.
You hear a splash.
You slam the door shut with a bang, pushing everything out of the way!
You feel a strong urge to attack something.
You feel your anger nearly subside.
You are no longer berserk.
You are exhausted.
You feel yourself slow down.
A centaur warrior opens the door.
You barely miss the centaur warrior. The centaur warrior hits you.
* * * LOW HITPOINT WARNING * * *
The centaur warrior kicks you but does no damage.
The centaur warrior hits you but does no damage.
The centaur warrior kicks you.
* * * LOW HITPOINT WARNING * * *
A manticore comes into view.
The centaur warrior barely misses you.
The centaur warrior kicks you but does no damage.
You hit the centaur warrior. You burn the centaur warrior.
The centaur warrior is lightly wounded.
The centaur warrior barely misses you.
The centaur warrior kicks you but does no damage.
The centaur warrior hits you.
* * * LOW HITPOINT WARNING * * *
The centaur warrior closely misses you. The centaur warrior hits you!
You die... @.~## §SSS≈

############~~#+++#+++##
###########~~~.........#
##.......∩#~H~~.##+##..#
##∩.....∩.#~~~~##. .##.###
##.∩...∩..#~~~~#.. ..#....
##∩.∩.∩.∩.#~~### .#. ###..
##.∩.∩.∩..#~##. #†# #.##.
##..∩.∩..@#K#..B##.###..#.
##...⌠....c)+ #+.<.†.##'.
##........#~#..B##.###..#.
#▓▓▓▓▓▓▓###~##. #†###.##.
##!/E######~~####.#†####~~
#?$Z# ##~~~#.##..#~~~~
#∩P$+ #'#~###..##~~~~ #[.$
#.#~~##+##~~~§≈ ### ~~~
~~~~~§


You could see an iron elemental, an oklob plant, a centaur warrior, a manticore,
a spectral ball python and a kobold demonologist.

Vanquished Creatures
  A yaktaur captain (D)
  A vampire mosquito (D)
  Menkaure (D)
  A water moccasin (D)
  4 scorpions (D)
  4 necrophages (D)
  3 worms (D)
15 creatures vanquished.

Notes
Turn   | Place    | Note
-------+----------+-------------------------------------------
     0 | D        | dialectric the Gargoyle Fighter began the quest for the
                  | Orb.
     0 | D        | Reached XP level 1. HP: 14/14 MP: 1/1
     1 | D        | Noticed a scorpion
     1 | D        | Noticed a scorpion
     1 | D        | Noticed a scorpion
     1 | D        | Noticed a scorpion
     6 | D        | Killed a scorpion
     7 | D        | Reached skill level 5 in Fighting
     7 | D        | Reached skill level 5 in Armour
     7 | D        | Reached skill level 5 in Shields
     7 | D        | Reached XP level 2. HP: 21/22 MP: 2/2
     7 | D        | Reached XP level 3. HP: 26/27 MP: 3/3
     7 | D        | Reached XP level 4. HP: 31/32 MP: 4/4
     8 | D        | Killed a scorpion
     9 | D        | Reached skill level 6 in Armour
     9 | D        | Reached XP level 5. HP: 34/37 MP: 5/5
    14 | D        | Reached skill level 7 in Armour
    17 | D        | Reached skill level 5 in Maces & Flails
    17 | D        | Reached skill level 8 in Armour
    17 | D        | Reached XP level 6. HP: 40/44 MP: 6/6
    29 | D        | Reached skill level 9 in Armour
    40 | D        | Reached XP level 7. HP: 38/51 MP: 7/7
    41 | D        | Noticed a boulder beetle
    41 | D        | Noticed a boulder beetle
    78 | D        | Found a glowing silver altar of Zin.
    79 | D        | Found a glowing golden altar of the Shining One.
    79 | D        | Found a basalt altar of Yredelemnul.
    79 | D        | Found a hide-covered altar of Uskayaw.
    80 | D        | Found a shimmering altar of Xom.
    80 | D        | Found a bloodstained altar of Trog.
    81 | D        | Found an ornate altar of the Wu Jian Council.
    81 | D        | Found a shimmering blue altar of Sif Muna.
    81 | D        | Found a corrupted altar of Lugonu.
    81 | D        | Found a radiant altar of Vehumet.
    81 | D        | Found a burning altar of Makhleb.
    90 | D        | Reached skill level 10 in Armour
    90 | D        | Found a sacrificial altar of Ru.
    90 | D        | Found an ancient bone altar of Kikubaaqudgha.
    90 | D        | Found a white marble altar of Elyvilon.
    91 | D        | Found a stormy altar of Qazlal.
    91 | D        | Found a viscous altar of Jiyva.
    91 | D        | Found a shadowy altar of Dithmenos.
    92 | D        | Found a hazy altar of Hepliaklqana.
    92 | D        | Found a snail-covered altar of Cheibriados.
    94 | D        | Found a sparkling altar of Nemelex Xobeh.
    94 | D        | Found a blossoming altar of Fedhas.
    95 | D        | Found an opulent altar of Gozag.
    95 | D        | Found an iron altar of Okawaru.
    99 | D        | Became a worshipper of Trog the Wrathful
   118 | D        | Noticed Menkaure
   132 | D        | Killed Menkaure
   133 | D        | Reached skill level 10 in Fighting
   133 | D        | Reached skill level 11 in Armour
   133 | D        | Found Wesul's Book Shoppe.
   134 | D        | Found Hyqaseops's Antique Armour Shoppe.
   134 | D        | Found Gago's Antique Armour Emporium.
   135 | D        | Found Ovythe Qiow's Assorted Antiques.
   135 | D        | Found Yfech's Jewellery Emporium.
   136 | D        | Found Pabegiun's Magic Scroll Shoppe.
   136 | D        | Found Zupun's Distillery.
   137 | D        | Found Oxtuecut's General Store.
   138 | D        | Found Pymyras's Weapon Emporium.
   138 | D        | Found Zaumm's Weapon Shoppe.
   139 | D        | Noticed an iron elemental
   143 | D        | Found Pemoz's Antique Armour Emporium.
   143 | D        | Found Woyril's Jewellery Shoppe.
   143 | D        | Noticed an oklob plant
   148 | D        | Noticed a vampire mosquito
   154 | D        | Found Vawn's Distillery.
   154 | D        | Found Ekatsush's Book Shoppe.
   154 | D        | Found Uxuukat's Antique Weapon Emporium.
   165 | D        | Killed a vampire mosquito
   165 | D        | Reached * piety under Trog
   166 | D        | Reached skill level 12 in Armour
   176 | D        | Bought a transparent great mace for 368 gold pieces
   176 | D        | Identified the +9 great mace of Crusades {flame, rN+} (You
                  | bought it in a shop in the Dungeon)
   208 | D        | Noticed a centaur warrior
   208 | D        | Noticed Kirke
   208 | D        | Noticed a yaktaur captain
   208 | D        | Noticed a manticore
   219 | D        | Noticed a kobold demonologist
   223 | D        | Killed a yaktaur captain
   224 | D        | Reached skill level 14 in Armour
   224 | D        | Reached XP level 8. HP: 12/60 MP: 8/8
   229 | D        | Noticed a manticore
   230 | D        | Slain by a centaur warrior

Illustrated notes

Levels and vault maps discovered:
D:        the_violet_keep_of_menkaure [sprint2_stairs_cluster_1,
          sprint2_shoproom, sprint2_temple, sprint2_basic_supplies,
          sprint2_obstacle_4, sprint2_obstacle_1, sprint2_obstacle_7,
          sprint2_obstacle_5, sprint2_obstacle_6, sprint2_timed_cluster_1,
          sprint2_smallroom_cluster_1, sprint2_smallroom_final_cluster_1,
          sprint2_transparent_cluster_1, sprint2_second_timed_cluster_1,
          sprint2_sniper_area_1, sprint2_heavy_combat_area_1,
          sprint2_mutation_trap_area_1, sprint2_forest_area_1,
          sprint2_light_combat_area_1, sprint2_behind_water_1,
          sprint2_near_end_vault_1]

Skill      XL: |  1  2  3  4  5  6  7 |
---------------+----------------------+-----
Fighting       | 5 6 8 9 12 | 12.0
Armour         | 5 6 8 9 14 | 14.1
Shields        | 5 |  5.5
Maces & Flails | 3 5 7 8 |  8.0
Dodging        | 2 |  2.2

Action                     |  1- 3 |  4- 6 |  7- 9 || total
---------------------------+-------+-------+-------++-------
  Melee: Flail             |     4 |    30 |    41 ||    75
         Great mace        |       |       |     7 ||     7
    Use: Potion            |     1 |       |     3 ||     4
         Scroll            |       |       |     1 ||     1
 Armour: Scale mail        |     1 |     8 |    23 ||    32
  Dodge: Dodged            |     2 |     9 |    27 ||    38
  Block: Buckler           |     1 |     7 |    13 ||    21

Table legend: (Time is in decaauts)
 A = Elapsed time spent in this place.
 B = Non-inter-level travel time spent in this place.
 C = Inter-level travel time spent in this place.
 D = Time resting spent in this place.
 E = Time spent auto-exploring this place.
 F = Levels seen in this place.
 G = Mean time per level.
                   A        B        C        D        E       F      G
               +--------+--------+--------+--------+--------+-----+--------+
         Total |    255 |    255 |      0 |      0 |      0 |   1 |  255.0 |
       Dungeon |    255 |    255 |      0 |      0 |      0 |   1 |  255.0 |
               +--------+--------+--------+--------+--------+-----+--------+

Top non-repeatable levels by time:
       D: 255 daAuts
